 Dungeon Crawl Stone Soup version 0.30-b1-2-g02819fbbbe (webtiles) character file.

Game seed: 3755442166401735772

188 sanka the Firebug (level 5, -4/46 HPs)
             Began as a Draconian Cinder Acolyte on May 5, 2023.
             Was a High Priest of Ignis.
             Slain by Dowan
             ... wielding a +1 dagger of venom
              (6 damage)
             ... on level 3 of the Dungeon.
             The game lasted 00:05:06 (3060 turns).

sanka the Firebug (Draconian Cinder Acolyte)        Turns: 3060, Time: 00:05:07

Health: -4/46      AC:  6    Str: 16    XL:     5   Next: 39%
Magic:  1/8        EV: 11    Int: 15    God:    Ignis [*****.]
Gold:   143        SH:  0    Dex:  8    Spells: 6/8 levels left

rFire   + . .        s - +2 dire flail (protect)
rCold   . . .        (shield currently unavailable)
rNeg    . . .        (body armour unavailable)
rPois   .            (helmet restricted)
rElec   .            i - +0 cloak
rCorr   .            (no gloves)
SInv    .            (no boots)
Will    .....        (no amulet)
Stlth   +            (no ring)
HPRegen 0.27/turn    (no ring)
MPRegen 0.11/turn

%: no passive effects
@: lethally poisoned (-4 -> -6), hasted, very quick
A: AC +5, unfitting armour, cold-blooded
a: Renounce Religion, Fiery Armour, Foxfire Swarm, Rising Flame


You were on level 3 of the Dungeon.
You worshipped Ignis.
Ignis was extremely pleased with you.
You visited 2 branches of the dungeon, and saw 5 of its levels.

You collected 143 gold pieces.

Inventory:

Hand Weapons
 s - a +2 dire flail of protection (weapon)
Missiles
 j - 7 poisoned darts
Armour
 i - a +0 cloak (worn)
Jewellery
 n - a ring of protection from fire
Scrolls
 c - 4 scrolls of teleportation {unknown}
 d - 3 scrolls of poison {unknown}
 e - 2 scrolls of blinking {unknown}
 f - a scroll of fear {unknown}
 g - a scroll of amnesia {unknown}
 k - 2 scrolls of identify {unknown}
 q - a scroll of butterflies {unknown}
 r - a scroll of noise {unknown}
Potions
 a - a potion of brilliance {unknown}
 b - a potion of degeneration {unknown}
 h - a potion of might
 l - 2 potions of curing {@q1}
 m - 2 potions of flight {unknown}
 o - a potion of cancellation {unknown}
 t - a potion of attraction {unknown}


   Skills:
 - Level 4.0 Fighting
 + Level 3.6 Unarmed Combat
 - Level 2.0 Spellcasting
 - Level 5.0 Fire Magic


You had 6 spell levels left.
You knew the following spells:

 Your Spells              Type           Power      Damage    Failure   Level
a - Scorch                Fire           32%        2d6       4%          2

Your spell library contained the following spells:

 Spells                   Type           Power      Damage    Failure   Level
 Apportation              Tloc           2%         N/A       22%         1
 Necrotise                Necr           4%         1d4       22%         1
 Summon Small Mammal      Summ           4%         N/A       22%         1
 Sublimation of Blood     Necr           1%         N/A       32%         2
 Tukima's Dance           Hex            1%         N/A       54%         3
 Vampiric Draining        Necr           1%         2d6       54%         3
 Metabolic Englaciation   Hex/Ice        0%         N/A       99%         5


Dungeon Overview and Level Annotations

Branches:
Dungeon (4/15)             Temple (1/1) D:4

Altars:
Ashenzari
Cheibriados
Elyvilon
Fedhas
Gozag
Hepliaklqana
Makhleb
Okawaru
Qazlal
Ru
Sif Muna
Trog
Uskayaw
Vehumet
Wu Jian
Xom
Yredelemnul
Zin
The Shining One

Annotations:
D:3 Dowan, Duvessa


Innate Abilities, Weirdness & Mutations

Your plain brown scales are hard. (AC +5)
You cannot fit into any form of body armour.
You are cold-blooded and may be slowed by cold attacks.


Message History

You are too injured to fight recklessly!
Unknown command.
Casting: Scorch (safe; 4% risk of failure)
Confirm with . or Enter, or press ? or * to list all spells.
Flames lash Duvessa but do no damage.
You feel very sick.
Dowan points at you and mumbles some strange words.
The puff of flame hits you. You resist. Duvessa hits you with a +0 short sword.
* * * LOW HITPOINT WARNING * * *
Unknown command.
You feel better.
Dowan hits you with a +1 dagger of venom.
You are poisoned.
Duvessa hits you with a +0 short sword.
* * * LOW HITPOINT WARNING * * *
Unknown command.
Unknown command.
You feel yourself speed up.
You feel sick.
Duvessa is no longer more vulnerable to fire.
Dowan hits you with a +1 dagger of venom.
* * * LOW HITPOINT WARNING * * *
You are lethally poisoned!
Duvessa hits you with a +0 short sword.
* * * LOW HITPOINT WARNING * * *
Unknown command.
You feel better.
Dowan hits you with a +1 dagger of venom.
* * * LOW HITPOINT WARNING * * *
You are poisoned.
Unknown command.
You feel sick.
You feel sick.
There is a stormy altar of Qazlal here.
You feel sick.
You feel sick.
Dowan is no longer more vulnerable to fire.
You feel sick. Duvessa hits you with a +0 short sword.
* * * LOW HITPOINT WARNING * * *
Dowan hits you with a +1 dagger of venom.
You die...

#......##'##.....# #.#.#
#...⌠.##.).##.⌠..######...#
#....##...[.##...#....###.#
#...##....#####..#....###.†
#..##....##8.8##.#......##.
#..#.....#.....#.#.........
#..#.._..#.._..#.......###.
#..#.....#.e...#.#.#.#.....
#..##8.8##@e..##...#.######
#...#####....##..###.# ###
#....##.....##)..# #.####..
#...⌠.##.>.##.⌠..# #.##...#
#......#####.....###.#..###
#......................## #
###########.##.........# #
#............####
####...........##


You could see Duvessa and Dowan.

Vanquished Creatures
  Blork the orc (D:4)
  An orc wizard (D:3)
  2 adders
  A worm (D:2)
  A dart slug (D:2)
  4 orcs
  4 ball pythons
  5 bats
  5 endoplasms
  2 giant cockroaches
  6 goblins
  10 hobgoblins
  4 jackals (D:1)
  4 quokkas
  A frilled lizard (D:1)
  2 kobolds
  9 rats
62 creatures vanquished.

Vanquished Creatures (others)
  A bat (D:2)
  A fungus (D:4)
2 creatures vanquished.

Grand Total: 64 creatures vanquished

Notes
Turn   | Place    | Note
-------+----------+-------------------------------------------
     0 | D:1      | sanka the Draconian Cinder Acolyte began the quest for the
                  | Orb.
     0 | D:1      | Reached XP level 1. HP: 19/19 MP: 2/2
   108 | D:1      | Reached XP level 2. HP: 25/26 MP: 2/4
   111 | D:1      | Learned a level 2 spell: Scorch
   174 | D:1      | Got the Essays on Unlucky Wicked Rituals
   687 | D:1      | Reached XP level 3. HP: 31/31 MP: 6/6
   945 | D:2      | Reached skill level 4 in Fire Magic
  1721 | D:3      | Reached XP level 4. HP: 38/38 MP: 7/7
  1999 | D:3      | Found a faded altar of an unknown god.
  2003 | D:3      | Found a stormy altar of Qazlal.
  2157 | D:4      | Found an ornate altar of the Wu Jian Council.
  2282 | D:4      | Found a staircase to the Ecumenical Temple.
  2336 | D:3      | Reached skill level 5 in Fire Magic
  2466 | D:4      | Noticed Blork the orc
  2518 | D:4      | Killed Blork the orc
  2519 | D:4      | Reached XP level 5. HP: 22/46 MP: 0/8
  2785 | Temple   | Entered the Ecumenical Temple
  2899 | D:4      | Noticed Dowan
  2900 | D:4      | Noticed Duvessa
  3052 | D:3      | HP: 2/46 [Duvessa/+0 short sword (6)]
  3059 | D:3      | HP: 2/46 [Duvessa/+0 short sword (3)]
  3060 | D:3      | Slain by Dowan

Illustrated notes

Levels and vault maps discovered:
D:1:      ncdulo_lavacross, layout_loops_cross
D:2:      layout_rooms, serial_glass, glass_columns_c, glass_columns_b
D:3:      layout_rooms, nicolae_overflow_ecumenical_swirl
D:4:      layout_loops_ring, mainiacjoe_overflow_boulevard,
          minmay_temple_entry_glass, uniq_duvessa, uniq_blork_the_orc
Temple:   sentei_temple_godly_chess

Skill      XL: |  1  2  3  4 |
---------------+-------------+-----
Spellcasting   | 2 |  2.0
Fire Magic     | 4 5 |  5.0
Fighting       | 4 |  4.0
Unarmed Combat | |  3.6

Action                     |  1- 3 |  4- 6 || total
---------------------------+-------+-------++-------
  Melee: Unarmed           |   164 |    51 ||   215
         Tailslap          |    18 |     4 ||    22
         Punch             |     1 |     2 ||     3
         Dire flail        |       |     1 ||     1
   Cast: Scorch            |     6 |    20 ||    26
    Use: Potion            |       |     6 ||     6
   Stab: Sleeping          |     1 |       ||     1
 Armour: Skin              |    73 |    22 ||    95
  Dodge: Dodged            |    96 |    34 ||   130
